 Dungeon Sprint DCSS version 0.30-a0-799-g109b55a442 (webtiles) character file.

Game seed: 11926116349818493385

16 BigDaddyOpFi the Sneak (level 2, 0/11 HPs)
             Began as a Felid Air Elementalist on Feb 20, 2023.
             Splashed by a jelly's acid (8 damage)
             ... in the Dungeon (Sprint IX: "|||||||||||||||||||||||||||||").
             The game lasted 00:00:24 (185 turns).

BigDaddyOpFi the Sneak (Felid Air Elementalist)      Turns: 185, Time: 00:00:25

Health: 0/11       AC:  1    Str:  4    XL:     2   Next: 37%
Magic:  5/6        EV: 18    Int: 16    God:
Gold:   0          SH:  0    Dex: 16    Spells: 5/6 levels left
                                        Lives:  0   Deaths: 0

rFire   . . .      SeeInvis +    (weapon unavailable)
rCold   . . .      Faith    .    (shield unavailable)
rNeg    . . .      Spirit   .    (body armour unavailable)
rPois   .          Reflect  .    (helmet unavailable)
rElec   .          Harm     .    (cloak unavailable)
rCorr   .          Rampage  .    (gloves unavailable)
Will    .....      NoTele   +    (boots unavailable)
Stlth   +++                      (no amulet)
HPRegen 0.21/turn                (no ring)
MPRegen 0.10/turn                (no ring)

@: hasted, very quick
A: very small, claws 1, fangs 3, see invisible, speed 1, shaggy fur 1, stealthy
paws, no weapons or thrown items, no armour, multi-lived
a: no special abilities


You were in the Dungeon.
You visited 1 branch

Inventory:

Scrolls
 f - a scroll of blinking
Potions
 a - 2 potions of magic
 b - a potion of curing
 c - a potion of heal wounds
 e - a potion of berserk rage


   Skills:
 + Level 3.9 Dodging
 + Level 4.1 Stealth
 + Level 2.7 Spellcasting
 + Level 2.0 Conjurations
 + Level 3.3 Air Magic


You had 5 spell levels left.
You knew the following spells:

 Your Spells              Type           Power      Damage    Failure   Level
a - Shock                 Conj/Air       40%        1d5       6%          1

Your spell library contained the following spells:

 Spells                   Type           Power      Damage    Failure   Level
 Static Discharge         Conj/Air       20%        2-3/arc   10%         2
 Swiftness                Air            12%        N/A       14%         3
 Airstrike                Air            6%         2d(1-17)  43%         4


Dungeon Overview and Level Annotations

Branches:
Dungeon (1/1)

Altars:


Innate Abilities, Weirdness & Mutations

You have sharp claws.
You have razor-sharp teeth.
You have supernaturally acute eyesight. (SInv)
You cover ground quickly. (Speed+)
You are covered in fur. (AC +1)
Your paws help you pounce on unaware monsters.
You are incapable of wielding weapons or throwing items.
You cannot wear armour.
You gain extra lives every three experience levels.


Message History

You feel yourself speed up. The jelly completely misses you.
Aiming: Shock (safe; 8% risk of failure)
Press: ? - help, Q - select action Shift-Dir - straight line, f/p - centaur
Aim: a centaur (moderately wounded, 81% to hit)
The zap hits the jelly.
The jelly is heavily wounded.
The zap misses the shadow imp.
The zap hits the adder.
The adder is almost dead.
The zap hits the orc.
You kill the orc!
The zap hits the centaur.
The centaur is heavily wounded.
The jelly misses you.
Aiming: Shock (safe; 8% risk of failure)
Press: ? - help, Q - select action Shift-Dir - straight line, f/p - centaur
Aim: a centaur (heavily wounded, 81% to hit)
The zap hits the jelly.
The jelly is heavily wounded.
The zap hits the shadow imp.
The shadow imp is moderately wounded.
The zap hits the adder.
You kill the adder!
The zap hits the centaur.
The centaur is heavily wounded.
Your Stealth skill increases to level 4!
Your Conjurations skill increases to level 2!
You have reached level 2!
Magic courses through your body. The jelly barely misses you.
Aiming: Shock (safe; 6% risk of failure)
Press: ? - help, Q - select action Shift-Dir - straight line, f/p - centaur
Aim: a centaur (heavily wounded, 81% to hit)
The zap hits the jelly.
The jelly is severely wounded.
The zap hits the shadow imp.
The shadow imp is severely wounded.
The zap hits the centaur.
The centaur is severely wounded.
The jelly hits you.
You are splashed with acid!
Ouch! That really hurt!
You die... ▓▓▓▓▓▓▓▓▓▓▓▓▓▓▓▓▓▓ ▓<...)†..†@J5c)..+ ▓▓▓▓▓▓▓▓▓▓▓▓▓▓▓▓▓▓

You could see a centaur, a jelly and a shadow imp.

Vanquished Creatures
  An adder (D)
  An orc (D)
  A goblin (D)
  A kobold (D)
  A ball python (D)
  A bat (D)
  A rat (D)
7 creatures vanquished.

Notes
Turn   | Place    | Note
-------+----------+-------------------------------------------
     0 | D        | BigDaddyOpFi the Felid Air Elementalist began the quest for
                  | the Orb.
     0 | D        | Reached XP level 1. HP: 7/7 MP: 4/4
     5 | D        | Reached skill level 3 in Stealth
     5 | D        | Reached skill level 1 in Conjurations
   178 | D        | Noticed a jelly
   178 | D        | Noticed a centaur
   184 | D        | Reached skill level 4 in Stealth
   184 | D        | Reached XP level 2. HP: 11/11 MP: 0/6
   185 | D        | Splashed by a jelly's acid

Illustrated notes

Levels and vault maps discovered:
D:        linesprint [early_d, line_temple, items_1, d_10, items_2, lair_1,
          lair_end, items_3, orc_1, orc_end, items_4, d_15, swamp_1, shoals_1,
          snake_1, spider_1, d_20, vaults_1, items_5, swamp_end, shoals_end,
          snake_end, spider_end, vaults_end, d_27, items_6, zot_1, zot_end,
          crypt_end, forest_end, elf_end, slime_end, tomb_end, abyss_end,
          pan_hell_end]

Skill      XL: |  1 |
---------------+----+-----
Dodging        | 3 |  3.9
Stealth        | 4 |  4.1
Conjurations   | 2 |  2.0
Air Magic      | 3 |  3.3
Spellcasting   | |  2.7

Action                     || total
---------------------------++-------
   Cast: Shock             ||     8
    Use: Potion            ||     2
  Dodge: Dodged            ||     4

Table legend: (Time is in decaauts)
 A = Elapsed time spent in this place.
 B = Non-inter-level travel time spent in this place.
 C = Inter-level travel time spent in this place.
 D = Time resting spent in this place.
 E = Time spent auto-exploring this place.
 F = Levels seen in this place.
 G = Mean time per level.
                   A        B        C        D        E       F      G
               +--------+--------+--------+--------+--------+-----+--------+
         Total |    182 |    182 |      0 |    165 |      0 |   1 |  182.0 |
       Dungeon |    182 |    182 |      0 |    165 |      0 |   1 |  182.0 |
               +--------+--------+--------+--------+--------+-----+--------+

Top non-repeatable levels by time:
       D: 182 daAuts
